 Dungeon Crawl Stone Soup version 0.31-a0-1589-g8f5e8aebd6 (webtiles) character file.

Game seed: 4649648133147073906

0 Laraso the Sneak (level 1, 0/18 HPs)
             Began as an Armataur Delver on Jan 6, 2024.
             Was an Initiate of Cheibriados.
             Succumbed to a kobold's poison
             ... on level 4 of the Dungeon.
             The game lasted 00:00:34 (83 turns).

Laraso the Sneak (Armataur Delver)                    Turns: 83, Time: 00:00:34

Health: 0/18       AC:  6    Str: 18    XL:     1   Next: 0%
Magic:  1/1        EV:  7    Int: 11    God:    Cheibriados [......]
Gold:   21         SH:  0    Dex: 12    Spells: 0/0 levels left

rFire   . . .        a - +0 mace
rCold   . . .        (no shield)
rNeg    . . .        h - +0 scale mail
rPois   .            (no helmet)
rElec   .            (no cloak)
rCorr   .            (no gloves)
SInv    .            (no barding)
Will    .....        (no amulet)
Stlth   ++           (no ring)
HPRegen 0.23/turn    (no ring)
MPRegen 0.73/turn

%: roll
@: mighty, lethally poisoned (0 -> -5), slow
A: large, deformed body, tough skin 3, armoured tail, roll 1
a: Renounce Religion


You were on level 4 of the Dungeon.
You worshipped Cheibriados.
Cheibriados was noncommittal.
You visited 1 branch of the dungeon, and saw 2 of its levels.

You collected 21 gold pieces.

Inventory:

Hand Weapons
 a - a +0 mace (weapon)
Armour
 h - a +0 scale mail (worn)
Wands
 g - a wand of digging (3)
Scrolls
 b - a scroll of identify {unknown}
 c - a scroll of fog
 d - a scroll of revelation
 e - a scroll of fear
Potions
 f - a potion of haste


   Skills:
 - Level 2.6 Fighting
 * Level 1.7 Maces & Flails
 - Level 1.3 Dodging
 - Level 5.4 Stealth


You couldn't memorise any spells.
You didn't know any spells.
Your spell library contained the following spells:

 Spells                   Type           Power      Damage    Failure   Level
 Sandblast                Erth           0%         2d4       77%         1
 Passwall                 Erth           0%         N/A       98%         3
 Stone Arrow              Conj/Erth      0%         3d7       98%         3
 Brom's Barrelling Bould  Conj/Erth      0%         2d3       100%        4


Dungeon Overview and Level Annotations

Branches:
Dungeon (5/15)
 Temple: D:4-7

Altars:
Cheibriados


Innate Abilities, Weirdness & Mutations

Armour fits poorly on your strangely shaped body.
You have extremely tough skin. (AC +3)
You have a long armoured tail.
You regenerate magic when rolling toward enemies. (Rampage MPRegen)


Message History

You add the spells Sandblast, Passwall, Stone Arrow and Brom's Barrelling Boulder to your library.
There are no items here.
There is a snail-covered altar of Cheibriados here.
You curl up in front of the altar of Cheibriados.
Cheibriados welcomes you!
Cheibriados begins to support your attributes as your movement slows.
Cheibriados is now slowing the effects of poison on you.
You see here a +0 long sword.
An endoplasm comes into view.
The endoplasm moves out of view.
A kobold comes into view.
It is wielding a +0 whip and quivering poisoned darts.
The kobold shouts!
The kobold throws a poisoned dart.
The poisoned dart hits you.
You are poisoned.
You see here a sedimented amethyst potion.
i - a sedimented amethyst potion You feel sick.
The kobold throws a poisoned dart.
The poisoned dart hits you!
You are more poisoned.
You roll towards the kobold!
You feel very sick.
You roll towards the kobold!
You barely miss the kobold.
Your tail-slap misses the kobold.
You feel sick. The kobold hits you with a +0 whip.
You barely miss the kobold.
You feel sick. The kobold barely misses you.
You barely miss the kobold.
You tail-slap the kobold, but do no damage.
You feel sick. The kobold hits you with a +0 whip.
* * * LOW HITPOINT WARNING * * *
The kobold hits you with a +0 whip.
* * * LOW HITPOINT WARNING * * *
Unknown command.
It was a potion of might.
You feel very mighty all of a sudden.
* * * LOW HITPOINT WARNING * * *
You feel sick. The kobold hits you but does no damage.
Unknown command.
You sock the kobold!
You kill the kobold!
Cheibriados appreciates the change of pace.
You die...

# ####. ## .... ... #..#
##... #..##..... ..#
#.........
#....####.........
#..)@......J..# # #####
#####.#...#.... #. #...#
###.......#.# ##.##...#
###...#........
........###.........###.#
...#...)...........## .
#......#...........#
###.##...........#.#...#
.....#............#.###...#


You could see an endoplasm.

Vanquished Creatures
  A kobold (D:4)
1 creature vanquished.

Notes
Turn   | Place    | Note
-------+----------+-------------------------------------------
     0 | D:5      | Laraso the Armataur Delver began the quest for the Orb.
     0 | D:5      | Reached XP level 1. HP: 18/18 MP: 1/1
    49 | D:4      | Found a snail-covered altar of Cheibriados.
    62 | D:4      | Became a worshipper of Cheibriados the Contemplative
    83 | D:4      | Succumbed to a kobold's poison

Illustrated notes

Levels and vault maps discovered:
D:4:      layout_rooms, cheibriados_altar_1, okawaru_trees_2,
          minmay_temple_entry_enclosed_plants, uniq_blork_the_orc, uniq_grinder
D:5:      layout_gridville, old_standard_altar

Action                     || total
---------------------------++-------
  Melee: Mace              ||     4
         Tailslap          ||     1
    Use: Potion            ||     1
 Armour: Scale mail        ||     4
  Dodge: Dodged            ||     1

Table legend: (Time is in decaauts)
 A = Elapsed time spent in this place.
 B = Non-inter-level travel time spent in this place.
 C = Inter-level travel time spent in this place.
 D = Time resting spent in this place.
 E = Time spent auto-exploring this place.
 F = Levels seen in this place.
 G = Mean time per level.
                   A        B        C        D        E       F      G
               +--------+--------+--------+--------+--------+-----+--------+
         Total |     88 |     88 |      0 |      0 |      0 |   2 |   44.0 |
       Dungeon |     88 |     88 |      0 |      0 |      0 |   2 |   44.0 |
               +--------+--------+--------+--------+--------+-----+--------+

Top non-repeatable levels by time:
     D:4: 61 daAuts
     D:5: 27 daAuts
